 Dungeon Crawl Stone Soup version 0.25.1-8-g42b30a86e7 (webtiles) character file.

Game seed: 12013579857151351510

141 Gabide the Skirmisher (level 5, -1/63 HPs)
             Began as a Human Abyssal Knight on Dec 5, 2020.
             Was a Believer of Lugonu.
             Slain by a gnoll
             ... wielding a +0 halberd of distortion
              (7 damage)
             ... on level 3 of the Dungeon.
             The game lasted 00:06:06 (1991 turns).

Gabide the Skirmisher (Human Abyssal Knight)        Turns: 1991, Time: 00:06:07

Health: -1/63      AC: 22    Str: 13    XL:     5   Next: 48%
Magic:  7/7        EV:  2    Int: 13    God:    Lugonu [**....]
Gold:   126        SH:  0    Dex: 12    Spells: 4/4 levels left

rFire    . . .     SeeInvis .   a - +1 spear
rCold    . . .     Gourm    .   (no shield)
rNeg     + + +     Faith    .   (armour currently unavailable)
rPois    +         Spirit   .   (helmet currently unavailable)
rElec    .         Reflect  .   (cloak currently unavailable)
rCorr    .         Harm     .   (gloves currently unavailable)
MR       .....     NoTele   +   (boots currently unavailable)
Stlth    +.........             e - amulet of regeneration (curse)
HPRegen  0.60/turn              h - ring of positive energy
MPRegen  0.10/turn              (no ring)

@: tree-form
A: no striking features
a: Depart the Abyss, Bend Space, Renounce Religion


You were on level 3 of the Dungeon.
You worshipped Lugonu.
Lugonu was pleased with you.
You were hungry.
You were a tree.
You visited 1 branch of the dungeon, and saw 3 of its levels.
You visited the Abyss 1 time.

You collected 126 gold pieces.

Inventory:

Hand Weapons
 a - a +1 spear (weapon)
Missiles
 p - 3 poisoned darts (quivered)
Armour
 g - a +0 cloak (melded)
 j - a +0 helmet (melded)
 n - a +0 scale mail (melded)
Jewellery
 e - a cursed amulet of regeneration (around neck)
 h - a ring of positive energy (left branch)
 k - an uncursed ring of ice
Scrolls
 b - a scroll of fog
 f - a scroll of blinking
 i - 3 scrolls of remove curse
Comestibles
 c - 7 rations
 l - 3 chunks of flesh


   Skills:
 + Level 3.6 Fighting
 + Level 3.3 Polearms
 + Level 0.4 Throwing
 + Level 2.6 Armour
 + Level 1.6 Dodging
 * Level 3.1 Invocations


You had 4 spell levels left.
You didn't know any spells.
Your spell library was empty.

Dungeon Overview and Level Annotations

Branches:
Dungeon (3/15)

Altars:
Uskayaw


Message History

Press: ? - help, Shift-Dir - straight line, f/p - gnoll
Aim: a gnoll, wielding a +0 halberd of distortion (moderately wounded, poisoned)
You throw a poisoned dart. The poisoned dart hits the bat.
The bat is moderately wounded.
The bat barely misses you. The gnoll hits you but does no damage.
Attack whom?
Press: ? - help, Dir - move target cursor, f/p - gnoll
Aim: a gnoll, wielding a +0 halberd of distortion (moderately wounded, poisoned)
You reach to attack!
You hit the gnoll.
The gnoll is severely wounded.
The bat hits you but does no damage. x2
Attack whom?
Press: ? - help, Dir - move target cursor, f/p - gnoll
Aim: a gnoll, wielding a +0 halberd of distortion (severely wounded, poisoned)
You reach to attack!
You barely miss the gnoll.
The gnoll is severely wounded.
You kill the bat!
Lugonu accepts your kill. The gnoll hits you but does no damage.
Space warps horribly around you!
You die...

#.##.# #..#
#..# #...#
#.>... #..#
#..# #.###
#.# ..##..#
#..# #.# .
.... ...#
#.##########
.g..##.####..
#...........
(..gg..(.#
######.####.
#.#.##.#g#
#.# #.
#.#)#### #.#
## ..#.♣†.#
#.# #######.#
#.# ##
..#....# ###
... #.#..###
### #.#..#
#....# #..
#####
.########.#.#
#.# +..(.
..........#.#
#.# #####
###########.#
#.#


You could see a gnoll (poisoned).

Vanquished Creatures
  5 gnolls (D:3)
  A howler monkey skeleton (D:3)
  4 adders
  2 dart slugs (D:2)
  2 leopard geckos (D:2)
  An orc (D:3)
  3 bats
  2 giant cockroaches
  3 hobgoblins
  5 kobolds
  A quokka (D:2)
  2 frilled lizards (D:1)
  7 goblins
  9 rats
47 creatures vanquished.

Notes
Turn   | Place    | Note
-------+----------+-------------------------------------------
     0 | Abyss:1  | Gabide the Human Abyssal Knight began the quest for the
                  | Orb.
     0 | Abyss:1  | Reached XP level 1. HP: 18/18 MP: 2/2
    36 | Abyss:1  | Noticed a smoke demon
    40 | D:1      | Escaped the Abyss
   802 | D:2      | Reached XP level 2. HP: 22/24 MP: 3/3
   821 | D:2      | Reached XP level 3. HP: 12/29 MP: 4/4
  1145 | D:2      | Reached * piety under Lugonu
  1282 | D:2      | Found a hide-covered altar of Uskayaw.
  1434 | D:2      | Reached XP level 4. HP: 35/35 MP: 4/6
  1825 | D:3      | Reached XP level 5. HP: 24/41 MP: 7/7
  1982 | D:3      | Reached ** piety under Lugonu
  1991 | D:3      | Slain by a gnoll

Illustrated notes

Levels and vault maps discovered:
D:1:      dpeg_arrival_round_c, layout_basic
D:2:      layout_rooms, eat_drink_and_be_merry_uskayaw, minmay_nonomino_d4
D:3:      layout_loops_ring, lemuel_coloured_pillars_altar, lemuel_round_altar,
          led_xom_imps

Skill      XL: |  1  2  3  4  5 |
---------------+----------------+-----
Polearms       | 3 |  3.3
Invocations    | 3 |  3.1
Fighting       | |  3.6
Throwing       | |  0.4
Armour         | |  2.6
Dodging        | |  1.6

Action                   |  1- 3 |  4- 6 || total
-------------------------+-------+-------++-------
Melee: Spear             |    82 |    94 ||   176
Throw: Stone             |    12 |       ||    12
       Javelin           |       |     4 ||     4
       Dart              |       |     8 ||     8
Invok: Depart the Abyss  |     1 |       ||     1
  Use: Scroll            |     5 |     2 ||     7
       Potion            |       |     2 ||     2
  Eat: Chunk             |     1 |     2 ||     3
Armor: Leather armour    |    20 |       ||    20
       Scale mail        |     4 |    46 ||    50
       Skin              |       |    38 ||    38
Dodge: Dodged            |    46 |    46 ||    92
